 Dungeon Crawl Stone Soup version 0.29-a0-559-g359e09b9d1 (webtiles) character file.

Game seed: 4757301058195176939

392 DocClef the Covert (level 6, -2/47 HPs)
             Began as a Gnoll Delver on June 10, 2022.
             Was a Follower of Hepliaklqana.
             Slain by an orc
             ... wielding a +0 mace
              (7 damage)
             ... on level 3 of the Dungeon.
             The game lasted 00:04:15 (1847 turns).

DocClef the Covert (Gnoll Delver)                   Turns: 1847, Time: 00:04:15

Health: -2/47      AC:  3    Str: 14    XL:     6   Next: 80%
Magic:  9/9        EV: 13    Int: 10    God:    Hepliaklqana [*.....]
Gold:   62         SH:  0    Dex: 15    Spells: 9/9 levels left

rFire   . . .      SeeInvis +   k - +6 long sword "Halao" {vorpal, *Slow rN+ Str+3 SInv}
rCold   . . .      Faith    .   (no shield)
rNeg    + . .      Spirit   .   b - +0 leather armour
rPois   .          Reflect  .   (no helmet)
rElec   .          Harm     .   (no cloak)
rCorr   .          Rampage  .   (no gloves)
Will    .....                   (no boots)
Stlth   ++++......              (no amulet)
HPRegen 0.15/turn               (no ring)
MPRegen 0.11/turn               (no ring)

@: mighty
A: reduced essence, fangs 1, strong nose, distributed training
a: Renounce Religion, Recall Ancestor, Ancestor Identity


You were on level 3 of the Dungeon.
You worshipped Hepliaklqana.
Hepliaklqana was aware of your devotion.
You visited 2 branches of the dungeon, and saw 4 of its levels.

You collected 62 gold pieces.

Inventory:

Hand Weapons
 a - a +0 short sword
 k - the +6 long sword "Halao" (weapon) {vorpal, *Slow rN+ Str+3 SInv}
   (You found it on level 5 of the Dungeon)

   It inflicts extra damage upon your enemies.
   Str:       It affects your strength (+3).
   rN:        It protects you from negative energy.
   SInv:      It lets you see invisible.
   *Slow:     It may slow you when you take damage.
Missiles
 m - 4 curare-tipped darts (quivered)
Armour
 b - a +0 leather armour (worn)
Wands
 g - a wand of digging (9)
 i - a wand of flame (27)
Scrolls
 c - a scroll of fog
 d - 2 scrolls of magic mapping
 e - a scroll of fear
 n - a scroll of teleportation {unknown}
 p - a scroll of identify {unknown}
 q - a scroll of noise {unknown}
Potions
 f - a potion of haste
 j - a potion of lignification {unknown}
 l - a potion of ambrosia {unknown}
 o - a potion of heal wounds {unknown}


   Skills:
 + Level 6.9 Fighting
 + Level 5.0 Short Blades
 + Level 2.1 Long Blades
 + Level 2.1 Axes
 + Level 2.1 Maces & Flails
 + Level 2.1 Polearms
 + Level 2.1 Staves
 + Level 2.1 Slings
 + Level 2.1 Bows
 + Level 2.1 Crossbows
 + Level 2.1 Throwing
 + Level 2.1 Armour
 + Level 5.0 Dodging
 + Level 9.8 Stealth
 + Level 2.1 Shields
 + Level 2.1 Unarmed Combat
 + Level 2.1 Spellcasting
 + Level 1.6 Conjurations
 + Level 1.6 Hexes
 + Level 1.6 Summonings
 + Level 1.6 Necromancy
 + Level 1.6 Translocations
 + Level 1.6 Transmutations
 + Level 1.6 Fire Magic
 + Level 1.6 Ice Magic
 + Level 1.6 Air Magic
 + Level 1.6 Earth Magic
 + Level 1.6 Poison Magic
 + Level 2.3 Invocations
 + Level 2.1 Evocations


You had 9 spell levels left.
You didn't know any spells.
Your spell library was empty.

Dungeon Overview and Level Annotations

Branches:
Dungeon (5/15)             Temple (1/1) D:5

Altars:
Elyvilon
Fedhas
Hepliaklqana
Nemelex Xobeh
Qazlal
Ru
Sif Muna
Trog
Uskayaw
Vehumet
Wu Jian
Xom
Yredelemnul
Zin
The Shining One

Annotations:
D:4 Natasha


Innate Abilities, Weirdness & Mutations

Your life essence is reduced to manifest your ancestor. (-10% HP)
You have very sharp teeth.
Your uncanny sense of smell can sniff out nearby items.
Your experience applies equally to all skills.


Message History

Unknown command.
You closely miss the orc. The orc misses you.
You barely miss the orc. Your bite misses the orc.
The orc hits you but does no damage. The orc barely misses you.
The orc priest mumbles some strange prayers to Beogh against you.
Beogh smites you!
You slash the orc!
You kill the orc!
You closely miss the orc. The orc hits you with a +0 club.
You hit the orc. Your bite misses the orc.
The orc is almost dead.
The orc barely misses you. The orc hits you with a +0 club.
You hit the orc.
You kill the orc!
The orc priest looks encouraged for a moment.
You swap places.
The orc wizard barely misses Shiptu.
Shiptu hits the orc wizard but does no damage.
The orc wizard hits Shiptu with a +0 dagger.
The orc priest invokes the aid of Beogh against you.
Beogh smites you!
* * * LOW HITPOINT WARNING * * *
Shiptu hits the orc wizard.
The orc wizard hits Shiptu but does no damage.
Shiptu hits the orc wizard.
It was a potion of might.
You feel very mighty all of a sudden.
The orc wizard hits Shiptu with a +0 dagger.
Shiptu barely misses the orc wizard.
You swap places.
The orc wizard barely misses you.
The orc priest calls upon Beogh to heal the orc.
The orc is healed somewhat.
You closely miss the orc wizard.
The orc wizard is moderately wounded.
The orc wizard barely misses you.
You slash the orc wizard!
You kill the orc wizard!
The orc hits you with a +0 mace.
* * * LOW HITPOINT WARNING * * *
You completely miss the orc. The orc hits you with a +0 mace!
You die... #... #....#.#.##. .#####...# #....#.#.#.. ........# ###..#.#.##. ....?..######.#.#.##. ....... ......#.... ..o.. #..###### ooo

#........ #o#
#...##### #@#
#.#.....< #R#
#.#.##### #.#
#.#.## #.# #.#..#
#.# #.#..## #.#
#.#...# #.#
#.#.#.## ##'#####
#.#.#..#
#......####.#.#..##


You could see the friendly Shiptu the ancestor, an orc priest and 4 orcs.

Vanquished Creatures
  3 necrophages
  A hound (D:5)
  An orc priest (D:3)
  Natasha (D:4)
  An iguana (D:5)
  2 orc wizards (D:3)
  An adder (D:3)
  A dart slug (D:4)
  11 orcs
  A ball python (D:3)
  A giant cockroach (D:4)
  2 goblins
  A hobgoblin (D:4)
  2 jackals (D:4)
  A quokka (D:4)
  2 bats (D:3)
  A kobold (D:4)
  A rat (D:3)
34 creatures vanquished.

Vanquished Creatures (collateral kills)
  3 orcs
  An endoplasm (D:4)
  A jackal (D:4)
  A bat (D:3)
  A goblin (D:4)
7 creatures vanquished.

Grand Total: 41 creatures vanquished

Notes
Turn   | Place    | Note
-------+----------+-------------------------------------------
     0 | D:5      | Reached skill level 9 in Stealth
     0 | D:5      | DocClef the Gnoll Delver began the quest for the Orb.
     0 | D:5      | Reached XP level 1. HP: 23/23 MP: 1/1
     5 | Temple   | Entered the Ecumenical Temple
   209 | Temple   | Became a worshipper of Hepliaklqana the Forgotten
   236 | D:5      | Found a shimmering altar of Xom.
   236 | D:5      | Noticed an angel
   240 | D:5      | Found a glowing silver altar of Zin.
   527 | D:5      | Identified the +6 long sword "Halao" {vorpal, *Slow rN+
                  | Str+3 SInv}
   563 | D:5      | Noticed an ice beast
   602 | D:5      | Reached XP level 2. HP: 28/29 MP: 2/2
   616 | D:5      | Found a sacrificial altar of Ru.
   621 | D:5      | Noticed a necrophage
   625 | D:5      | Killed a necrophage
   626 | D:5      | Reached skill level 1 in Long Blades
   626 | D:5      | Reached skill level 1 in Axes
   626 | D:5      | Reached skill level 1 in Maces & Flails
   626 | D:5      | Reached skill level 1 in Polearms
   626 | D:5      | Reached skill level 1 in Staves
   626 | D:5      | Reached skill level 1 in Slings
   626 | D:5      | Reached skill level 1 in Bows
   626 | D:5      | Reached skill level 1 in Crossbows
   626 | D:5      | Reached skill level 1 in Throwing
   626 | D:5      | Reached skill level 1 in Armour
   626 | D:5      | Reached skill level 1 in Shields
   626 | D:5      | Reached skill level 1 in Unarmed Combat
   626 | D:5      | Reached skill level 1 in Spellcasting
   626 | D:5      | Reached skill level 1 in Invocations
   626 | D:5      | Reached skill level 1 in Evocations
   626 | D:5      | Reached XP level 3. HP: 30/35 MP: 2/4
   626 | D:5      | Reached XP level 4. HP: 35/41 MP: 2/5
   641 | D:5      | Reached skill level 1 in Conjurations
   641 | D:5      | Reached skill level 1 in Hexes
   641 | D:5      | Reached skill level 1 in Summonings
   641 | D:5      | Reached skill level 1 in Necromancy
   641 | D:5      | Reached skill level 1 in Translocations
   641 | D:5      | Reached skill level 1 in Transmutations
   641 | D:5      | Reached skill level 1 in Fire Magic
   641 | D:5      | Reached skill level 1 in Ice Magic
   641 | D:5      | Reached skill level 1 in Air Magic
   641 | D:5      | Reached skill level 1 in Earth Magic
   641 | D:5      | Reached skill level 1 in Poison Magic
   756 | D:5      | Reached XP level 5. HP: 47/47 MP: 6/6
   963 | D:4      | Reached * piety under Hepliaklqana
   969 | D:4      | Noticed Natasha
   980 | D:4      | Killed Natasha
  1161 | D:4      | Reached XP level 6. HP: 44/47 MP: 8/8
  1280 | D:4      | Found a sparkling altar of Nemelex Xobeh.
  1426 | D:4      | Noticed Natasha
  1564 | D:3      | Reached skill level 5 in Short Blades
  1564 | D:3      | Reached skill level 5 in Dodging
  1847 | D:3      | Slain by an orc

Illustrated notes

Levels and vault maps discovered:
D:3:      layout_basic, cheibrodos_worm_habitat,
          nicolae_kikubaaqudgha_miasma_corner
D:4:      layout_basic, mainiacjoe_overflow_six_doors_small, serial_bayou,
          serial_bayou_ford_a, serial_bayou_shore_b, serial_bayou_pond_b,
          serial_bayou_pond_a, chequers_jeans, uniq_natasha
D:5:      wander_river, layout_gridville,
          grunt_temple_overflow_order_and_chaos_1, lemuel_tele_altar,
          minmay_temple_entry_mist, serial_shops, kennysheep_mini
Temple:   minmay_temple_curvy_loop

Skill      XL: |  1  2  3  4  5  6 |
---------------+-------------------+-----
Stealth        | |  9.8
Long Blades    | 1 2 |  2.1
Axes           | 1 2 |  2.1
Maces & Flails | 1 2 |  2.1
Polearms       | 1 2 |  2.1
Staves         | 1 2 |  2.1
Slings         | 1 2 |  2.1
Bows           | 1 2 |  2.1
Crossbows      | 1 2 |  2.1
Throwing       | 1 2 |  2.1
Armour         | 1 2 |  2.1
Shields        | 1 2 |  2.1
Unarmed Combat | 1 2 |  2.1
Spellcasting   | 1 2 |  2.1
Invocations    | 1 2 |  2.3
Evocations     | 1 2 |  2.1
Conjurations   | 1 |  1.6
Hexes          | 1 |  1.6
Summonings     | 1 |  1.6
Necromancy     | 1 |  1.6
Translocations | 1 |  1.6
Transmutations | 1 |  1.6
Fire Magic     | 1 |  1.6
Ice Magic      | 1 |  1.6
Air Magic      | 1 |  1.6
Earth Magic    | 1 |  1.6
Poison Magic   | 1 |  1.6
Short Blades   | 5 |  5.0
Dodging        | 5 |  5.0
Fighting       | |  6.9

Action                   |  1- 3 |  4- 6 || total
-------------------------+-------+-------++-------
Melee: Long sword        |     6 |    74 ||    80
       Short sword       |     3 |       ||     3
       Bite              |       |     4 ||     4
       Punch             |       |     4 ||     4
  Use: Potion            |       |     1 ||     1
 Stab: Sleeping          |       |     4 ||     4
Armor: Leather armour    |     2 |    19 ||    21
Dodge: Dodged            |     5 |    61 ||    66

Table legend: (Time is in decaauts)
 A = Elapsed time spent in this place.
 B = Non-inter-level travel time spent in this place.
 C = Inter-level travel time spent in this place.
 D = Time resting spent in this place.
 E = Time spent auto-exploring this place.
 F = Levels seen in this place.
 G = Mean time per level.
                   A        B        C        D        E       F      G
               +--------+--------+--------+--------+--------+-----+--------+
         Total |   1896 |   1859 |     37 |    102 |   1278 |   4 |  474.0 |
       Dungeon |   1668 |   1663 |      5 |    102 |   1089 |   3 |  556.0 |
        Temple |    227 |    195 |     32 |      0 |    189 |   1 |  227.0 |
               +--------+--------+--------+--------+--------+-----+--------+

Top non-repeatable levels by time:
     D:4: 794 daAuts
     D:5: 568 daAuts
     D:3: 305 daAuts
  Temple: 227 daAuts
